| TOP OF THE 1ST |
|
Johnson City Cardinals batting - Pitching for Ogden Raptors : RHP Steve Mintz
|
|
Pitching: RHP Steve Mintz
|
|
|
Batting: RHB Nick Latulippe
|
0-0: Called Strike 0-1: Called Strike 0-2: Strikes out looking
|
|
Batting: SHB Justin Towry
|
0-0: Ball 1-0: Called Strike 1-1: SINGLE (Groundball, 6MD, EV 95.0 MPH)
|
|
Batting: LHB Ken Compton
|
0-0: Fly out, F9 (Line Drive, 9S, EV 88.8 MPH)
|
|
Batting: RHB Geoff Musico
|
0-0: Ball 1-0: Ball 2-0: TRIPLE (Flyball, 78XD, EV 98.8 MPH) Justin Towry scores
|
|
Batting: RHB Alex Melgoza
|
0-0: Called Strike 0-1: Swinging Strike 0-2: Ball 1-2: Foul Ball, location: 2F 1-2: Foul Ball, location: 2F 1-2: Foul Ball, location: 2F 1-2: Foul Ball, location: 2F 1-2: Strikes out swinging
|
| Top of the 1st over - 1 run, 2 hits, 0 errors, 1 left on base; Johnson City 1 - Ogden 0 |
| BOTTOM OF THE 1ST |
|
Ogden Raptors batting - Pitching for Johnson City Cardinals : RHP David Lopez
|
|
Pitching: RHP David Lopez
|
|
|
Batting: RHB Alex Mejia
|
0-0: Called Strike 0-1: Ball 1-1: Called Strike 1-2: Strikes out looking
|
|
Batting: RHB Jonathan Kirsch
|
0-0: Ball 1-0: Foul Ball, location: 2F 1-1: Foul Ball, location: 2F 1-2: Fly out, F9 (Flyball, 9D, EV 95.0 MPH)
|
|
Batting: LHB Stephen Van Raalte
|
0-0: Foul Ball, location: 2F 0-1: Foul Ball, location: 2F 0-2: Foul Ball, location: 2F 0-2: Fly out, F5 (Popup, 5SF, EV 84.4 MPH)
|
| Bottom of the 1st over - 0 runs, 0 hits, 0 errors, 0 left on base; Johnson City 1 - Ogden 0 |
| TOP OF THE 2ND |
|
Johnson City Cardinals batting - Pitching for Ogden Raptors : RHP Steve Mintz
|
|
Batting: LHB Mike East
|
0-0: Fly out, F8 (Flyball, 8LD, EV 91.2 MPH)
|
|
Batting: RHB Bobby Miles
|
0-0: Swinging Strike 0-1: Ball 1-1: Called Strike 1-2: Strikes out swinging
|
|
Batting: RHB Edgar Klockow
|
0-0: Ball 1-0: Foul Ball, location: 2F 1-1: Ball 2-1: Called Strike 2-2: Foul Ball, location: 2F 2-2: Strikes out swinging
|
| Top of the 2nd over - 0 runs, 0 hits, 0 errors, 0 left on base; Johnson City 1 - Ogden 0 |
| BOTTOM OF THE 2ND |
|
Ogden Raptors batting - Pitching for Johnson City Cardinals : RHP David Lopez
|
|
Batting: LHB Kevin Wiebe
|
0-0: Called Strike 0-1: Ball 1-1: Ball 2-1: Foul Ball, location: 2F 2-2: Ball 3-2: Base on Balls
|
|
Batting: LHB Steve Pond
|
0-0: Ball 1-0: Ball 2-0: Ball 3-0: Base on Balls Kevin Wiebe to second
|
|
Batting: SHB Guy Jerome
|
0-0: Ball 1-0: Ball 2-0: Ball 3-0: Base on Balls Kevin Wiebe to third Steve Pond to second
|
|
Batting: RHB Mike Kaczor
|
0-0: Called Strike 0-1: Fly out, F8 (Flyball, 8RXD, EV 98.8 MPH) Runner from 3rd tags up, SCORES, no throw by CF
|
|
Batting: SHB Jesus Gomez
|
0-0: Foul Ball, location: 2F 0-1: Ball 1-1: Ball 2-1: Fielders Choice at 2nd, 4-6 (Groundball, 4, EV 83.1 MPH) Steve Pond to third
|
|
Batting: SHB Jason Todd
|
0-0: Ball 1-0: Ball 2-0: Foul Ball, location: 2F 2-1: Ball 3-1: Base on Balls Jesus Gomez to second
|
|
Batting: RHB Alex Mejia
|
0-0: Ball 1-0: Foul Ball, location: 2F 1-1: Hit by Pitch Steve Pond scores Jesus Gomez to third Jason Todd to second
|
|
Batting: RHB Jonathan Kirsch
|
0-0: Ball 1-0: Fly out, F8 (Flyball, 8RM, EV 81.2 MPH)
|
| Bottom of the 2nd over - 2 runs, 0 hits, 0 errors, 3 left on base; Johnson City 1 - Ogden 2 |
| TOP OF THE 3RD |
|
Johnson City Cardinals batting - Pitching for Ogden Raptors : RHP Steve Mintz
|
|
Batting: RHB Sam Daw
|
0-0: Called Strike 0-1: Ball 1-1: Called Strike 1-2: Foul Ball, location: 2F 1-2: Foul Ball, location: 2F 1-2: Fly out, F7 (Flyball, 7, EV 91.2 MPH)
|
|
Batting: RHB Nick Latulippe
|
0-0: Called Strike 0-1: Called Strike 0-2: Ball 1-2: Foul Ball, location: 2F 1-2: Strikes out swinging
|
|
Batting: SHB Justin Towry
|
0-0: Ball 1-0: Called Strike 1-1: Ball 2-1: Ball 3-1: Foul Ball, location: 2F 3-2: Strikes out swinging
|
| Top of the 3rd over - 0 runs, 0 hits, 0 errors, 0 left on base; Johnson City 1 - Ogden 2 |
| BOTTOM OF THE 3RD |
|
Ogden Raptors batting - Pitching for Johnson City Cardinals : RHP David Lopez
|
|
Batting: LHB Stephen Van Raalte
|
0-0: Called Strike 0-1: Foul Ball, location: 2F 0-2: Foul Ball, location: 2F 0-2: Ball 1-2: Fly out, F8 (Flyball, 8LS, EV 83.1 MPH)
|
|
Batting: LHB Kevin Wiebe
|
0-0: Ball 1-0: Ball 2-0: Ball 3-0: Called Strike 3-1: Base on Balls
|
|
Batting: LHB Steve Pond
|
0-0: Ball 1-0: Called Strike 1-1: Ball 2-1: Foul Ball, location: 2F 2-2: Ball 3-2: Foul Ball, location: 2F 3-2: Foul Ball, location: 2F 3-2: Base on Balls Kevin Wiebe to second
|
|
Batting: SHB Guy Jerome
|
0-0: Called Strike 0-1: Fielders Choice at 2nd, 6-4 (Groundball, 6M, EV 91.2 MPH) Kevin Wiebe to third
|
|
Batting: RHB Mike Kaczor
|
0-0: Ball 1-0: Ball 2-0: Ball 3-0: Called Strike 3-1: Base on Balls Guy Jerome to second
|
|
Batting: SHB Jesus Gomez
|
0-0: Ball 1-0: Called Strike 1-1: Ball 2-1: Called Strike 2-2: Ball 3-2: Foul Ball, location: 2F 3-2: Base on Balls Kevin Wiebe scores Guy Jerome to third Mike Kaczor to second
|
|
Batting: SHB Jason Todd
|
0-0: Ball 1-0: GRAND SLAM HOME RUN (Flyball, 7D, EV 106.2 MPH), Distance : 399 ft
|
|
Pitching: LHP Heriberto Flores
|
|
|
Batting: RHB Alex Mejia
|
0-0: Ball 1-0: Swinging Strike 1-1: Foul Ball, location: 2F 1-2: Ball 2-2: Foul Ball, location: 2F 2-2: Ball 3-2: Fly out, F6 (Popup, 6S, EV 73.1 MPH)
|
| Bottom of the 3rd over - 5 runs, 1 hit, 0 errors, 0 left on base; Johnson City 1 - Ogden 7 |
| TOP OF THE 4TH |
|
Johnson City Cardinals batting - Pitching for Ogden Raptors : RHP Steve Mintz
|
|
Batting: LHB Ken Compton
|
0-0: Ball 1-0: Ground out U3 (Groundball, 34, EV 84.4 MPH)
|
|
Batting: RHB Geoff Musico
|
0-0: Called Strike 0-1: Foul Ball, location: 2F 0-2: Foul Ball, location: 2F 0-2: Foul Ball, location: 2F 0-2: Foul Ball, location: 2F 0-2: Foul Ball, location: 2F 0-2: Strikes out swinging
|
|
Batting: RHB Alex Melgoza
|
0-0: Fly out, F7 (Flyball, 7LS, EV 91.2 MPH)
|
| Top of the 4th over - 0 runs, 0 hits, 0 errors, 0 left on base; Johnson City 1 - Ogden 7 |
| BOTTOM OF THE 4TH |
|
Ogden Raptors batting - Pitching for Johnson City Cardinals : LHP Heriberto Flores
|
|
Batting: RHB Jonathan Kirsch
|
0-0: Called Strike 0-1: Ball 1-1: DOUBLE (Groundball, 5L, EV 108.1 MPH)
|
|
Batting: LHB Stephen Van Raalte
|
0-0: Swinging Strike 0-1: Ball 1-1: Foul Ball, location: 2F 1-2: Ball 2-2: Foul Ball, location: 2F 2-2: Foul Ball, location: 2F 2-2: 2-RUN HOME RUN (Flyball, 9D, EV 103.1 MPH), Distance : 409 ft
|
|
Batting: LHB Kevin Wiebe
|
0-0: Called Strike 0-1: Foul Ball, location: 2F 0-2: Foul Ball, location: 2F 0-2: Foul Ball, location: 2F 0-2: Strikes out swinging
|
|
Pitching: LHP Andy Fitzsimmons
|
|
|
Batting: LHB Steve Pond
|
0-0: Foul Ball, location: 2F 0-1: Ball 1-1: Foul Ball, location: 2F 1-2: Strikes out swinging
|
|
Batting: SHB Guy Jerome
|
0-0: Called Strike 0-1: Swinging Strike 0-2: Ball 1-2: Strikes out swinging
|
| Bottom of the 4th over - 2 runs, 2 hits, 0 errors, 0 left on base; Johnson City 1 - Ogden 9 |
| TOP OF THE 5TH |
|
Johnson City Cardinals batting - Pitching for Ogden Raptors : RHP Steve Mintz
|
|
Batting: LHB Mike East
|
0-0: Foul Ball, location: 2F 0-1: Ball 1-1: Swinging Strike 1-2: Ball 2-2: Strikes out swinging
|
|
Batting: RHB Bobby Miles
|
0-0: Ball 1-0: Called Strike 1-1: Ball 2-1: Foul Ball, location: 2F 2-2: Strikes out swinging
|
|
Batting: RHB Edgar Klockow
|
0-0: Called Strike 0-1: Foul Ball, location: 2F 0-2: Foul Ball, location: 2F 0-2: Foul Ball, location: 2F 0-2: Strikes out swinging
|
| Top of the 5th over - 0 runs, 0 hits, 0 errors, 0 left on base; Johnson City 1 - Ogden 9 |
| BOTTOM OF THE 5TH |
|
Ogden Raptors batting - Pitching for Johnson City Cardinals : LHP Andy Fitzsimmons
|
|
Batting: RHB Mike Kaczor
|
0-0: Called Strike 0-1: Called Strike 0-2: Ball 1-2: Strikes out swinging
|
|
Batting: SHB Jesus Gomez
|
0-0: Ball 1-0: Ball 2-0: Swinging Strike 2-1: Swinging Strike 2-2: Strikes out swinging
|
|
Batting: SHB Jason Todd
|
0-0: Foul Ball, location: 2F 0-1: Ball 1-1: Ball 2-1: Swinging Strike 2-2: Ball 3-2: Base on Balls
|
|
Pitching: RHP Jim Morse
|
|
|
Batting: RHB Alex Mejia
|
0-0: Foul Ball, location: 2F 0-1: Ball 1-1: Foul Ball, location: 2F 1-2: 2-RUN HOME RUN (Flyball, 8LXD, EV 97.5 MPH) (Inside the Park)
|
|
Batting: RHB Jonathan Kirsch
|
0-0: Called Strike 0-1: Ball 1-1: Ball 2-1: Called Strike 2-2: Foul Ball, location: 2F 2-2: Strikes out looking
|
| Bottom of the 5th over - 2 runs, 1 hit, 0 errors, 0 left on base; Johnson City 1 - Ogden 11 |
| TOP OF THE 6TH |
|
Johnson City Cardinals batting - Pitching for Ogden Raptors : RHP Steve Mintz
|
|
Batting: RHB Sam Daw
|
0-0: Ball 1-0: Ball 2-0: Foul Ball, location: 2F 2-1: Swinging Strike 2-2: Strikes out swinging
|
|
Batting: RHB Nick Latulippe
|
0-0: Ball 1-0: Ball 2-0: Ball 3-0: Called Strike 3-1: Ground out 6-3 (Groundball, 6, EV 97.5 MPH)
|
|
Batting: SHB Justin Towry
|
0-0: Swinging Strike 0-1: Foul Ball, location: 2F 0-2: Strikes out looking
|
| Top of the 6th over - 0 runs, 0 hits, 0 errors, 0 left on base; Johnson City 1 - Ogden 11 |
| BOTTOM OF THE 6TH |
|
Ogden Raptors batting - Pitching for Johnson City Cardinals : RHP Jim Morse
|
|
Batting: LHB Stephen Van Raalte
|
0-0: Ball 1-0: Ball 2-0: Ball 3-0: Base on Balls
|
|
Batting: LHB Kevin Wiebe
|
0-0: Ball 1-0: Ball 2-0: Ball 3-0: Called Strike 3-1: 2-RUN HOME RUN (Flyball, 7D, EV 108.1 MPH), Distance : 401 ft
|
|
Pitching: RHP Herbert Loveless
|
|
|
Batting: LHB Steve Pond
|
0-0: Ball 1-0: Foul Ball, location: 2F 1-1: Swinging Strike 1-2: Ball 2-2: Foul Ball, location: 2F 2-2: Ball 3-2: Base on Balls
|
|
Batting: SHB Guy Jerome
|
0-0: Ball Balk! Steve Pond to second Balk! Steve Pond to third 1-0: Ball 2-0: Called Strike 2-1: Ball 3-1: Base on Balls
|
|
Batting: RHB Mike Kaczor
|
0-0: Ball 1-0: Called Strike 1-1: Foul Ball, location: 2F 1-2: Ball 2-2: Foul Ball, location: 2F 2-2: Foul Ball, location: 2F 2-2: Ball 3-2: Strikes out looking
|
|
Batting: SHB Jesus Gomez
|
0-0: Called Strike 0-1: Called Strike Balk! Steve Pond scores Guy Jerome to second 0-2: Strikes out looking
|
|
Batting: SHB Jason Todd
|
0-0: Called Strike 0-1: Swinging Strike 0-2: Strikes out swinging
|
| Bottom of the 6th over - 3 runs, 1 hit, 0 errors, 1 left on base; Johnson City 1 - Ogden 14 |
| TOP OF THE 7TH |
|
Johnson City Cardinals batting - Pitching for Ogden Raptors : RHP Steve Mintz
|
|
Pitching: LHP Avon Barksdale
|
|
|
Batting: LHB Ken Compton
|
0-0: Ground out 5-3 (Groundball, 5S, EV 87.5 MPH)
|
|
Batting: RHB Geoff Musico
|
0-0: Foul Ball, location: 2F 0-1: Ball 1-1: Foul Ball, location: 2F 1-2: Strikes out looking
|
|
Batting: RHB Alex Melgoza
|
0-0: Ball 1-0: Called Strike 1-1: Ball 2-1: SINGLE (Line Drive, 56, EV 103.8 MPH)
|
|
Batting: LHB Mike East
|
0-0: Swinging Strike 0-1: Ball 1-1: Foul Ball, location: 2F 1-2: Strikes out looking
|
| Top of the 7th over - 0 runs, 1 hit, 0 errors, 1 left on base; Johnson City 1 - Ogden 14 |
| BOTTOM OF THE 7TH |
|
Ogden Raptors batting - Pitching for Johnson City Cardinals : RHP Herbert Loveless
|
|
Pinch Hitting: LHB Jay Fenderson
|
0-0: Foul Ball, location: 2F 0-1: Ball 1-1: Ball 2-1: DOUBLE (Line Drive, 8LXD, EV 105.0 MPH)
|
|
Batting: RHB Jonathan Kirsch
|
0-0: Called Strike 0-1: Fly out, F4 (Popup, 34D, EV 66.9 MPH)
|
|
Pinch Hitting: LHB Antonio Luis
|
0-0: Ball 1-0: Ground out 4-3 (Groundball, 4, EV 93.1 MPH) Jay Fenderson to third
|
|
Pinch Hitting: LHB Tore Bosch
|
0-0: 2-RUN HOME RUN (Line Drive, 8RXD, EV 116.2 MPH), Distance : 474 ft
|
|
Batting: LHB Steve Pond
|
0-0: Foul Ball, location: 2F 0-1: Ball 1-1: Ball 2-1: Ball 3-1: Swinging Strike 3-2: Foul Ball, location: 2F 3-2: Base on Balls
|
|
Pitching: RHP Kyle Burns
|
|
|
Batting: SHB Guy Jerome
|
0-0: Fielders Choice at 2nd, 5-4 (Groundball, 5, EV 86.2 MPH)
|
| Bottom of the 7th over - 2 runs, 2 hits, 0 errors, 1 left on base; Johnson City 1 - Ogden 16 |
| TOP OF THE 8TH |
|
Johnson City Cardinals batting - Pitching for Ogden Raptors : LHP Avon Barksdale
|
|
Now at 1B: Tore Bosch
|
|
|
Now in CF: Jay Fenderson
|
|
|
Now in RF: Antonio Luis
|
|
|
Batting: RHB Bobby Miles
|
0-0: Ball 1-0: Ball 2-0: Foul Ball, location: 2F 2-1: Ball 3-1: Called Strike 3-2: Strikes out swinging
|
|
Batting: RHB Edgar Klockow
|
0-0: Swinging Strike 0-1: Fly out, F7 (Line Drive, 7S, EV 84.4 MPH)
|
|
Batting: RHB Sam Daw
|
0-0: Called Strike 0-1: Ball 1-1: SOLO HOME RUN (Flyball, 7LD, EV 94.4 MPH), Distance : 342 ft
|
|
Batting: RHB Nick Latulippe
|
0-0: Ball 1-0: SINGLE (Groundball, 3D, EV 100.6 MPH)
|
|
Batting: SHB Justin Towry
|
0-0: Called Strike 0-1: Ball 1-1: SINGLE (Groundball, 56S, EV 66.2 MPH) (infield hit) Nick Latulippe to second
|
|
Batting: LHB Ken Compton
|
0-0: Ball Passed Ball! Nick Latulippe to third Justin Towry to second 1-0: Ball 2-0: Called Strike 2-1: Swinging Strike 2-2: Fly out, F9 (Flyball, 89S, EV 88.8 MPH)
|
| Top of the 8th over - 1 run, 3 hits, 0 errors, 2 left on base; Johnson City 2 - Ogden 16 |
| BOTTOM OF THE 8TH |
|
Ogden Raptors batting - Pitching for Johnson City Cardinals : RHP Kyle Burns
|
|
Batting: RHB Mike Kaczor
|
0-0: Swinging Strike 0-1: SINGLE (Flyball, 3D, EV 86.2 MPH)
|
|
Batting: SHB Jesus Gomez
|
0-0: Foul Ball, location: 2F 0-1: Fielders Choice at 2nd, 3-6 (Groundball, 3, EV 89.4 MPH)
|
|
Batting: SHB Jason Todd
|
0-0: Ball 1-0: Ball 2-0: Fly out, F9 (Flyball, 9S, EV 86.2 MPH)
|
|
Batting: LHB Jay Fenderson
|
0-0: Called Strike 0-1: Swinging Strike 0-2: Strikes out looking
|
| Bottom of the 8th over - 0 runs, 1 hit, 0 errors, 1 left on base; Johnson City 2 - Ogden 16 |
| TOP OF THE 9TH |
|
Johnson City Cardinals batting - Pitching for Ogden Raptors : LHP Avon Barksdale
|
|
Batting: RHB Geoff Musico
|
0-0: Ball 1-0: Ball 2-0: Called Strike 2-1: Called Strike 2-2: Ball 3-2: Base on Balls
|
|
Batting: RHB Alex Melgoza
|
0-0: Foul Ball, location: 2F 0-1: Ball 1-1: Called Strike 1-2: Foul Ball, location: 2F 1-2: Strikes out swinging
|
|
Pitching: RHP Jared Wisham
|
|
|
Batting: LHB Mike East
|
0-0: Ball 1-0: Ball 2-0: SINGLE (Groundball, 56S, EV 70.0 MPH) (infield hit) Geoff Musico to second
|
|
Batting: RHB Bobby Miles
|
0-0: Ball 1-0: Called Strike 1-1: Foul Ball, location: 2F 1-2: Foul Ball, location: 2F 1-2: Strikes out swinging
|
|
Pinch Hitting: LHB Billy Lang
|
0-0: Called Strike 0-1: Foul Ball, location: 2F 0-2: Strikes out swinging
|
| Top of the 9th over - 0 runs, 1 hit, 0 errors, 2 left on base; Johnson City 2 - Ogden 16 |
|